Map: Acropolis LE

Players

Mez - Winner!

  • Race: Terran Terran
  • League: Master
  • Spawn Location: 5:00

Гладиатор

  • Race: Protoss Protoss
  • League: Master
  • Spawn Location: 11:00

VOD

Have the link to the VOD?

Description

Time

  • Played on: Aug. 10, 2019, 11:42 a.m.
  • Length: 10:26
Show
View Real Time Build Order
Export as new Build Order

Mez Terran - Winner!

Build Orders: Reaper Expand 

Get SALT Encoding   

  12  0:00  SCV  
  13  0:12  SCV  
  14  0:17  Supply Depot  
  14  0:25  SCV  
  15  0:39  SCV  
  15  0:40  Barracks  
  16  0:47  Refinery  
  16  0:51  SCV  
  17  1:04  SCV  
  18  1:20  SCV  
  18  1:34  Reaper, Orbital Command  
  19  1:40  Supply Depot  
  19  1:56  Command Center  
  19  1:58  Bunker  
  19  2:01  SCV  
  20  2:12  Barracks Reactor  
  20  2:13  SCV  
  21  2:22  Supply Depot  
  20  2:37  SCV  
  21  2:50  Command Center  
  21  2:51  SCV  
  22  3:00  Marine  
  22  3:01  Marine  
  22  3:04  Factory, SCV  
  25  3:14  Orbital Command  
  25  3:18  SCV  
  26  3:20  Marine x2  
  28  3:30  SCV  
  28  3:31  Refinery  
  29  3:38  Marine x2  
  29  3:40  SCV  
  32  3:42  SCV  
  33  3:49  Widow Mine  
  33  3:51  Starport  
  33  3:55  SCV  
  36  3:56  SCV  
  36  3:57  Marine  
  36  3:58  Marine  
  39  4:03  Orbital Command  
  39  4:08  SCV x2  
  41  4:11  Widow Mine  
  43  4:17  Marine x2  
  43  4:20  SCV  
  43  4:21  SCV  
  47  4:24  Refinery  
  47  4:32  Starport Tech Lab  
  47  4:33  SCV  
  47  4:34  SCV  
  47  4:35  Supply Depot  
  47  4:37  Marine x2  
  51  4:39  Factory Tech Lab  
  51  4:42  SCV  
  52  4:46  SCV  
  52  4:50  SCV  
  52  4:51  Raven  
  56  4:54  SCV  
  56  4:55  Marine x2  
  56  4:58  SCV  
  60  5:00  Supply Depot  
  60  5:02  SCV  
  60  5:05  Siege Tank  
  60  5:06  SCV, Barracks  
  64  5:10  SCV  
  64  5:13  Marine x2  
  64  5:14  SCV  
  68  5:18  SCV  
  69  5:21  Refinery  
  69  5:22  SCV, Barracks  
  70  5:32  SCV  
  71  5:37  Engineering Bay  
  71  5:38  Engineering Bay  
  71  5:40  Siege Tank  
  71  5:42  SCV x2  
  76  5:44  SCV  
  76  5:45  Starport Reactor  
  77  5:53  Barracks  
  77  5:54  Barracks, Supply Depot  
  77  6:00  Marine x2  
  77  6:01  Supply Depot  
  77  6:02  Stimpack  
  79  6:09  Marauder  
  81  6:13  Orbital Command  
  77  6:30  Marauder  
  79  6:34  SCV x2  
  79  6:36  Terran Infantry Armor Level 1, Combat Shield, Terran Infantry Weapons Level 1  
  79  6:37  Medivac x2, Supply Depot  
  85  6:41  SCV  
  85  6:46  SCV x2, Factory Reactor  
  88  6:47  Marine x2, Marauder  
  88  6:53  SCV  
  93  6:58  SCV  
  94  7:02  Marauder  
  94  7:04  Barracks Reactor  
  94  7:05  SCV x2  
  98  7:08  Supply Depot  
  98  7:09  Marauder, Supply Depot  
  98  7:10  SCV  
  98  7:13  Medivac x2  
  98  7:15  Refinery, Marine x2  
  107  7:17  SCV  
  108  7:23  Missile Turret  
  108  7:25  Missile Turret  
  108  7:27  SCV  
  108  7:28  Missile Turret  
  109  7:30  SCV x2, Marine, Marauder  
  109  7:32  Marine, Supply Depot  
  109  7:33  Marine  
  109  7:34  Supply Depot, Barracks Tech Lab  
  109  7:35  Refinery  
  116  7:41  Armory  
  116  7:48  Marauder  
  116  7:49  Marine  
  116  7:50  Marine  
  120  7:52  Marauder  
  120  7:57  Marine, Marauder  
  125  7:59  Supply Depot  
  125  8:00  Supply Depot  
  125  8:02  SCV x3  
  125  8:05  Medivac x2  
  132  8:09  Widow Mine x2, Marauder  
  138  8:13  Marauder  
  140  8:22  Marine x4, Marauder  
  140  8:23  Concussive Shells  
  146  8:27  Command Center  
  146  8:28  Supply Depot  
  146  8:31  Marauder  
  146  8:34  Bunker, Marauder  
  148  8:39  Ghost Academy  
  148  8:40  Marine x2  
  152  8:43  Marauder  
  152  8:47  Widow Mine  
  156  8:50  Widow Mine  
  152  9:23  Marine x4, Marauder x2  
  145  9:26  Marauder  
  145  9:33  Barracks x2  
  145  9:34  Barracks  
  82  9:38  Medivac x2  
  141  9:41  Widow Mine x2, Marine x4  
  141  9:44  Marauder  
  141  9:45  Marauder  
  152  9:47  Marauder  
  154  9:58  Marine x2  
  154  9:59  Marine x2  
  163  10:22  Barracks Reactor, Barracks Tech Lab  
  163  10:23  Barracks Tech Lab  
Show
View Real Time Build Order
Export as new Build Order

Гладиатор Protoss 

Build Orders: 1 Gate Expand, Chargelot Immortal 

Get SALT Encoding   

  12  0:00  Probe  
  13  0:13  Probe  
  14  0:17  Pylon  
  14  0:25  Probe  
  15  0:34  Probe  
  15  0:35  Gateway  
  15  0:42  Probe  
  16  0:48  Assimilator  
  17  0:52  Probe  
  18  1:04  Probe  
  19  1:16  Probe  
  20  1:26  Nexus  
  20  1:37  Cybernetics Core  
  20  1:38  Probe  
  21  1:45  Pylon  
  21  1:49  Assimilator  
  21  1:52  Probe  
  22  2:03  Stalker  
  22  2:04  Probe  
  23  2:12  Probe  
  23  2:14  Warp Gate  
  25  2:20  Probe  
  27  2:31  Probe  
  27  2:35  Stalker  
  29  2:38  Probe  
  29  2:43  Probe  
  31  2:46  Probe  
  32  2:53  Robotics Facility  
  32  2:54  Probe  
  32  2:55  Probe  
  33  3:05  Stalker, Probe  
  34  3:07  Probe  
  38  3:13  Probe  
  38  3:19  Probe  
  40  3:22  Gateway  
  40  3:25  Gateway  
  40  3:27  Pylon  
  40  3:31  Probe  
  40  3:33  Probe  
  42  3:35  Warp Prism  
  42  3:38  Stalker  
  42  3:39  Pylon  
  44  3:47  Probe  
  47  3:49  Probe  
  48  3:59  Probe  
  48  4:01  Probe  
  50  4:11  Immortal, Probe  
  50  4:14  Probe  
  55  4:17  Pylon  
  55  4:22  Assimilator  
  55  4:24  Probe  
  57  4:25  Probe  
  58  4:39  Twilight Council  
  58  4:41  Immortal  
  58  4:43  Probe  
  63  4:53  Probe  
  63  4:55  Probe, Nexus  
  63  4:57  Pylon  
  65  5:06  Blink  
  64  5:10  Probe x2  
  66  5:16  Pylon  
  66  5:20  Observer  
  66  5:21  Gateway x2  
  67  5:22  Probe  
  67  5:23  Gateway  
  67  5:28  Probe  
  69  5:31  Sentry x2  
  69  5:34  Probe  
  74  5:37  Assimilator  
  74  5:39  Pylon  
  74  5:41  Observer, Shield Battery  
  74  5:42  Probe  
  76  5:47  Probe, Shield Battery  
  77  5:53  Forge x2  
  77  5:54  Probe  
  78  5:59  Probe  
  79  6:05  Protoss Ground Weapons Level 1, Observer  
  79  6:06  Protoss Ground Armor Level 1, Probe  
  79  6:11  Probe  
  82  6:18  Probe  
  79  6:34  Templar Archives, Observer  
  79  6:35  Immortal  
  79  6:36  Probe  
  83  6:40  Probe x2  
  83  6:42  Pylon  
  83  6:44  Stalker x3, Assimilator  
  83  6:45  Probe  
  83  6:46  Assimilator  
  93  7:00  Charge  
  93  7:03  Probe  
  93  7:04  Psionic Storm  
  93  7:06  Probe  
  95  7:12  Probe  
  95  7:14  Immortal  
  100  7:18  Gateway  
  100  7:20  Gateway  
  100  7:21  Gateway  
  100  7:22  Gateway  
  100  7:25  Probe x2  
  100  7:26  Photon Cannon  
  100  7:29  Zealot  
  104  7:30  Zealot x2, Photon Cannon  
  104  7:32  Pylon  
  108  7:42  Probe  
  109  7:49  Probe  
  110  7:52  Robotics Facility  
  110  7:54  Observer, Pylon  
  111  8:00  High Templar x3  
  116  8:15  Immortal  
  120  8:27  Zealot x6  
  122  8:30  Pylon  
  122  8:32  Nexus, Pylon  
  132  8:34  Pylon  
  132  8:35  Pylon  
  132  8:37  Pylon  
  132  8:40  Pylon  
  132  8:49  Stalker  
  132  8:50  Stalker x3  
  139  9:03  Zealot  
  139  9:04  Zealot x3  
  139  9:07  Zealot x2  
  139  9:23  Zealot x2  
  139  9:24  Zealot  
  124  9:25  Zealot x3  
  124  9:27  Zealot x3  
  120  9:31  Zealot  
  102  9:39  Immortal  
  88  9:46  Zealot x5  
  88  9:47  Zealot  
  88  9:48  Stalker x3  
  104  10:04  High Templar  
  93  10:17  Zealot x3  
  93  10:19  Zealot x2  
Tags
 
Add a new tag
Caveats
  • Supply blocks, unpowered buildings, or Contaminate may cause inaccurate times.
  • Supply counts are checked every 10 seconds.